 Dungeon Crawl Stone Soup version 0.31-b1-20-g67cafac56d (webtiles) character file.

Game seed: 16888399729674802487

3 Esekla the Sneak (level 1, 0/16 HPs)
             Began as an Octopode Delver on Jan 17, 2024.
             Was an Initiate of Gozag.
             Killed from afar by an orc wizard (6 damage)
             ... with a magic dart
             ... on level 4 of the Dungeon.
             The game lasted 00:03:39 (320 turns).

Esekla the Sneak (Octopode Delver)                   Turns: 320, Time: 00:03:40

Health: 0/16       AC:  1    Str: 11    XL:     1   Next: 50%
Magic:  1/1        EV: 13    Int: 12    God:    Gozag
Gold:   17         SH:  0    Dex: 13    Spells: 0/0 levels left

rFire   . . .        a - +0 falchion
rCold   . . .        (no shield)
rNeg    . . .        (helmet restricted)
rPois   .            (no amulet)
rElec   .            g - ring of wizardry
rCorr   .            (no ring)
SInv    .            (no ring)
Will    .....        (no ring)
Stlth   ++++         (no ring)
HPRegen 0.22/turn    (no ring)
MPRegen 0.07/turn    (no ring)
                     (no ring)

%: wizardry (x1)
@: no status effects
A: almost no armour, amphibious, 8 rings, camouflage 1, gelatinous body 1,
(nimble swimmer 1), tentacles
a: Renounce Religion, Potion Petition, Call Merchant, Bribe Branch


You were on level 4 of the Dungeon.
You worshipped Gozag.
Gozag was noncommittal.
You visited 1 branch of the dungeon, and saw 2 of its levels.

You collected 54 gold pieces.
You paid 37 gold pieces to Gozag.

Inventory:

Hand Weapons
 a - a +0 falchion (weapon)
Jewellery
 g - a ring of wizardry (left tentacle)
Wands
 f - a wand of digging (3)
Scrolls
 b - a scroll of fog
 i - a scroll of identify {unknown}
Potions
 c - 2 potions of heal wounds {unknown}
 h - a potion of curing {unknown}


   Skills:
 * Level 3.0 Fighting
 * Level 2.0 Long Blades
 * Level 2.0 Dodging
 + Level 6.7 Stealth


You couldn't memorise any spells.
You didn't know any spells.
Your spell library contained the following spells:

 Spells                   Type           Power      Damage    Failure   Level
 Summon Lightning Spire   Summ/Air       0%         N/A       75%         4
 Lee's Rapid Deconstruct  Erth           0%         3d4*      97%         5
 Animate Armour           Summ/Erth      Unusable   N/A       N/A         4

Dungeon Overview and Level Annotations

Branches:
Dungeon (5/15)             Temple (0/1) D:4

Altars:
Gozag
Trog

Annotations:
D:5 Menkaure


Innate Abilities, Weirdness & Mutations

You cannot wear most types of armour.
You are amphibious.
You can wear up to eight rings at the same time.
Your skin changes colour to match your surroundings (Stealth+).
Your rubbery body absorbs attacks. (AC +1, EV +1)
((You are camouflaged when in or above water. (Stealth+)))
You have tentacles for arms and can constrict up to eight enemies at once.


Message History

You hear some strange, mumbled words.
Something tries to affect you, but you resist.
You hear a shout!
A scorpion comes into view.
Found 2 clear potions.
You see here a dark potion.
c - 2 dark potions (gained 1)
Something hits you but does no damage.
Found a book of Iron.
You see here a book of Iron.
You pick up a book of Iron and begin reading...
You add the spells Summon Lightning Spire and Lee's Rapid Deconstruction to your library.
Found a stone staircase leading down.
Found a scroll labelled ULIRI ZOVVI.
Found 10 gold pieces.
Your extra speed is starting to run out.
You feel yourself slow down.
You open the door.
Found a staircase to the Ecumenical Temple.
There is an open door here.
You close the door.
There is a staircase to the Ecumenical Temple here.
You open the door.
There is an open door here.
You close the door.
You open the door.
Found a bloodstained altar of Trog.
The orc wizard shouts!
The orc shouts! x2
You hit the orc wizard. Your grab misses the orc wizard.
The orc wizard is lightly wounded.
The orc wizard gestures at you while chanting.
The puff of flame hits you!
Ouch! That really hurt!
You hit the orc wizard. Your grab misses the orc wizard.
Your squeeze misses the orc wizard.
The orc wizard is lightly wounded.
The orc wizard gestures at you while chanting.
The magic dart hits you.
You die...
Your body crumbles into a pile of gold.

.#.## #..#######
##.#.####....#....
...#.$..#o##...#
#..........#..####
#...........>...?#
#................#
#ooo.o...........#
#o♣ o♣♣..........#
#@♣#+#♣..........#
#..+_+...........#
#.♣#'#♣.###..#####
#.♣♣.♣♣.####.#
#........# #.#
#....###+###.#
#....#.....#.#
###.##.⌠.⌠.#.#
#..+..>..+.#


You could see an orc wizard and 2 orcs.

Vanquished Creatures
  An orc (D:4)
  An endoplasm (D:4)
2 creatures vanquished.

Notes
Turn   | Place    | Note
-------+----------+-------------------------------------------
     0 | D:5      | Esekla the Octopode Delver began the quest for the Orb.
     0 | D:5      | Reached XP level 1. HP: 16/16 MP: 1/1
    92 | D:5      | Noticed a scorpion
    93 | D:5      | Noticed Menkaure
    98 | D:5      | Found an opulent altar of Gozag.
   146 | D:5      | Became a worshipper of Gozag Ym Sagoz the Greedy
   243 | D:4      | Noticed an orc wizard
   253 | D:4      | Noticed a scorpion
   287 | D:4      | Found a staircase to the Ecumenical Temple.
   308 | D:4      | Found a bloodstained altar of Trog.
   320 | D:4      | Killed from afar by an orc wizard

Illustrated notes

Levels and vault maps discovered:
D:4:      layout_basic, kennysheep_mini_moat, minmay_temple_entry_hall
D:5:      layout_cave_pools, nicolae_gozag_seed_capital, serial_gnoll_camp,
          gnoll_camp_mini_loothouse, gnoll_camp_mini_house,
          gnoll_camp_mini_doghouse, gnoll_camp_mini_hut, uniq_sigmund,
          uniq_menkaure, uniq_crazy_yiuf_cottage

Action                     || total
---------------------------++-------
  Melee: Falchion          ||     4
         Tentacles         ||     2
         Constrict         ||     1
    Use: Scroll            ||     2
         Potion            ||     1
   Stab: Sleeping          ||     1
 Armour: Skin              ||     4
  Dodge: Dodged            ||     1
